 Dungeon Crawl Stone Soup version 0.21.1-1-g345015fe64 (webtiles) character file.

110292 Atelerd the Thaumaturge (level 16, -11/99 HPs)
             Began as an Octopode Wizard on July 27, 2018.
             Was a Priest of Sif Muna.
             Mangled by a water elemental (20 damage)
             ... on level 2 of the Depths on July 28, 2018.
             The game lasted 03:26:48 (39671 turns).

Atelerd the Thaumaturge (Octopode Wizard)          Turns: 39671, Time: 03:26:53

Health: -11/99     AC:  7    Str:  7    XL:     16   Next: 54%
Magic:  16/58      EV: 18    Int: 26    God:    Sif Muna [***...]
Gold:   741        SH:  0    Dex: 11    Spells: 4/43 levels left

rFire    + + .     SeeInvis +   F - staff of power
rCold    + . .     Gourm    .   (no shield)
rNeg     . . .     Faith    .   C - +2 hat
rPois    .         Spirit   .   I - amulet of regeneration
rElec    .         Reflect  .   g - +3 ring of evasion
rCorr    .         Harm     .   y - ring of see invisible
MR       +....                  z - ring of protection from fire
Stlth    ++++......             L - ring of protection from cold
HPRegen  0.66/turn              f - +4 ring of protection
MPRegen  0.36/turn              m - ring of magical power
                                a - +3 ring of slaying
                                n - ring of protection from fire

@: very slightly contaminated, drained, invisible
A: almost no armour, stealthy swim, amphibious, 8 rings, constrict 8, camouflage
1, gelatinous body 1
a: Divine Energy, Channel Magic, Renounce Religion


You were on level 2 of the Depths.
You worshipped Sif Muna.
Sif Muna was most pleased with you.
You were hungry.

You visited 5 branches of the dungeon, and saw 26 of its levels.

You collected 2213 gold pieces.
You spent 1472 gold pieces at shops.

Inventory:

Hand Weapons
 R - a +4 scimitar of protection
Armour
 C - a +2 hat (worn)
Magical Staves
 F - an uncursed staff of power (weapon)
Jewellery
 a - a +3 ring of slaying (on tentacle)
 f - a +4 ring of protection (on tentacle)
 g - a +3 ring of evasion (left tentacle)
 m - a ring of magical power (on tentacle)
 n - a ring of protection from fire (on tentacle)
 y - a ring of see invisible (right tentacle)
 z - a ring of protection from fire (on tentacle)
 I - an amulet of regeneration (around mantle)
 L - a ring of protection from cold (on tentacle)
 P - an uncursed amulet of the gourmand
Wands
 b - a wand of iceblast (5)
 d - a wand of acid (12)
 A - a wand of digging (19)
 U - a wand of enslavement (15)
Scrolls
 i - 2 scrolls of teleportation
 k - 7 scrolls of remove curse
 l - a scroll of vulnerability
 o - a scroll of amnesia
 q - 2 scrolls of enchant armour
 B - a scroll of magic mapping
 E - 4 scrolls of fog
 N - a scroll of silence
 V - 3 scrolls of identify
Potions
 e - 7 potions of flight
 h - 2 potions of agility
 j - 2 potions of resistance
 p - 2 potions of invisibility
 r - 2 potions of berserk rage
 s - 2 potions of haste
 t - a potion of curing
 x - 2 potions of might
 M - a potion of ambrosia
 W - a potion of magic
 X - 5 potions of brilliance
Books
 J - Sif Muna's Tome of Confrontation
   (Sif Muna gifted it to you on level 13 of the Dungeon)

   Spells                             Type                      Level
   a - Shock                          Conjuration/Air              1
   b - Force Lance                    Conjuration/Translocation    4
   c - Orb of Destruction             Conjuration                  7
   d - Chain Lightning                Conjuration/Air              8
   e - Lehudib's Crystal Spear        Conjuration/Earth            8
 K - Sif Muna's Guide on Conjuration
   (Sif Muna gifted it to you on level 2 of the Lair of Beasts)

   Spells                             Type                      Level
   a - Searing Ray                    Conjuration                  2
   b - Iskenderun's Mystic Blast      Conjuration                  4
   c - Bolt of Draining               Conjuration/Necromancy       5
   d - Glaciate                       Conjuration/Ice              9
 O - Sif Muna's Incunabulum of Combat Magic
   (Sif Muna gifted it to you on level 10 of the Dungeon)

   Spells                             Type                      Level
   a - Shock                          Conjuration/Air              1
   b - Throw Frost                    Conjuration/Ice              2
   c - Sticky Flame                   Conjuration/Fire             4
   d - Bolt of Fire                   Conjuration/Fire             6
   e - Freezing Cloud                 Conjuration/Ice/Air          6
   f - Chain Lightning                Conjuration/Air              8
Comestibles
 c - 50 rations


   Skills:
 - Level 6.0(5.0) Fighting
 - Level 3.0(2.1) Long Blades
 - Level 6.0(5.0) Dodging
 - Level 4.0(3.0) Stealth
 * Level 14.2(13.0) Spellcasting
 - Level 14.1(12.9) Conjurations
 - Level 3.0(2.1) Charms
   Level 1.0(0.1) Summonings
 - Level 3.6(2.7) Translocations
 - Level 8.4(7.4) Ice Magic
 - Level 13.7(12.5) Air Magic
 - Level 2.0(1.1) Poison Magic
 - Level 7.2(6.2) Invocations


You had 4 spell levels left.
You knew the following spells:

 Your Spells              Type           Power        Failure   Level  Hunger
a - Airstrike             Air            ######....   1%          4    None
b - Iskenderun's Mystic   Conj           ######..     1%          4    None
c - Blink                 Tloc           N/A          1%          2    None
d - Mephitic Cloud        Conj/Pois/Air  ######..     1%          3    None
e - Animate Skeleton      Necr           N/A          3%          1    None
f - Venom Bolt            Conj/Pois      ######....   4%          5    ###....
g - Freezing Cloud        Conj/Ice/Air   ######....   5%          6    #####..
h - Orb of Destruction    Conj           ######....   14%         7    ######.
i - Deflect Missiles      Chrm/Air       ######....   24%         6    #####..
k - Shock                 Conj/Air       ####         1%          1    None


Dungeon Overview and Level Annotations

Branches:
Dungeon (15/15)            Temple (1/1) D:5            Lair (6/6) D:9
  Swamp (0/4) Lair:4       Spider (0/4) Lair:4        Slime (0/5) Lair:5
    Orc (2/2) D:11            Elf (0/3) Orc:2        Vaults (0/5) D:13
 Depths (1/5) D:15

Altars:
Ashenzari
Cheibriados
Dithmenos
Elyvilon
Fedhas
Gozag
Hepliaklqana
Kikubaaqudgha
Makhleb
Okawaru
Qazlal
Ru
Sif Muna
Trog
Vehumet
Wu Jian
Xom
Yredelemnul
Zin

Shops:
D:4 *   D:6 %   D:15 (   Orc:2 [=[%

Portals:
Ziggurat: Depths:1

Annotations:
D:2 exclusion: downstairs
D:5 exclusion: 3 downstairs
D:8 exclusion: downstairs
D:11 exclusion: 2 downstairs
D:12 exclusion: downstairs
Orc:1 exclusion: downstairs


Innate Abilities, Weirdness & Mutations

You cannot wear most types of armour.
You are very stealthy in the water. (Stealth+)
You are amphibious.
You can wear up to eight rings at the same time.
You can use your tentacles to constrict eight enemies at once.
Your skin changes colour to match your surroundings (Stealth+).
Your rubbery body absorbs attacks. (AC +1, EV +1)


Message History

The merfolk javelineer is engulfed in freezing vapours.
The water elemental completely misses you.
The centaur warrior shoots an arrow.
The arrow hits you!!
* * * LOW HITPOINT WARNING * * *
Unknown command.
Okay, then.
As you read the scroll of fear, it crumbles to dust.
You assume a fearsome visage.
The minotaur looks frightened!
The centaur warrior resists with almost no effort.
The centaur warrior looks frightened!
The ettin looks frightened!
The fire giant looks frightened!
The water elemental is unaffected.
The merfolk javelineer easily resists.
The water elemental is unaffected. x2
The merfolk javelineer is engulfed in freezing vapours.
You kill the merfolk javelineer!
Sif Muna accepts your kill.
You hear a splash. x3
The centaur warrior shoots an arrow.
The arrow hits the water elemental!
You hear a splash.
The water elemental hits you!!
You die...

#.....## .... #.....#..
'... ...# #.....#.. #..#
...### #.)≈..#..###..#
....≈#
#[†(..#.......###...≈≈#
##..(≈≈##c...........≈≈#
c(....≈###.........≈≈≈#
≈≈c..≈≈#≈#H.....≈≈≈≈≈≈##
.≈≈..≈§#≈≈≈c..(E@≈(≈≈≈≈#
###.Q###≈C§≈≈≈≈≈EE(≈≈≈.#
≈≈≈≈≈E(≈≈≈≈≈≈≈≈≈≈≈≈..###
≈≈(≈Q§(≈≈§§§§≈≈....###
≈≈≈.(≈≈≈≈≈§§§.......
.....≈≈≈..§§§..≈≈≈≈≈.
....≈≈≈......≈C≈≈≈≈≈≈.
....≈........≈≈≈≈≈≈≈≈≈.
...≈..........≈≈≈≈


You could see a fire giant (fleeing), a minotaur (fleeing), an ettin (fleeing),
2 centaur warriors and 3 water elementals.

Vanquished Creatures
  A sphinx (Depths:2)
  Frances (D:12)
  A tengu reaver (Depths:2)
  An orc warlord (Orc:2)
  The ghost of Fascinator the Brawler, a journeyman TrMo of Cheibriados (D:12)
  6 dire elephants (Lair:6)
  The ghost of Kalelzar the Cleaver, a journeyman MiBe of Trog (Orc:1)
  A merfolk javelineer (Depths:2)
  Josephine (Orc:1)
  Fannar (D:14)
  3 ice dragons
  8 hydras
  A catoblepas (D:15)
  4 centaur warriors
  11 two-headed ogres
  Erica (Orc:1)
  A deep troll shaman (Depths:1)
  A death knight (D:13)
  The ghost of YourBoobs the Destroyer, a journeyman KoVM of Sif Muna (Lair:3)
  An anaconda (Lair:6)
  A deep troll earth mage (Depths:1)
  An ogre mage (D:15)
  5 death yaks
  An orc high priest (Orc:1)
  Urug (Lair:2)
  Nergalle (Orc:1)
  A shadow wraith (D:13)
  4 deep trolls
  A lindwurm (D:13)
  2 phantasmal warriors (D:13)
  3 orc knights (Orc:1)
  5 oklob plants
  9 ugly things
  An orc sorcerer (Orc:2)
  2 wolf spiders
  2 manticores (D:13)
  3 cyclopes
  A black mamba (shapeshifter) (D:14)
  12 elephants
  Joseph (D:7)
  4 black mambas
  A salamander (D:15)
  4 spiny frogs
  Maurice (D:11)
  2 centaur skeletons
  2 gargoyles
  A freezing wraith (D:13)
  2 rime drakes
  13 komodo dragons
  2 kobold demonologists (D:15)
  A polar bear (Lair:4)
  6 trolls
  A harpy zombie (D:14)
  A tyrant leech (Lair:4)
  12 blink frogs
  3 hornets
  A slime creature (shapeshifter) (D:15)
  6 hippogriffs
  7 slime creatures
  7 dream sheep
  A tarantella (Orc:1)
  2 redbacks (Orc:1)
  6 wraiths
  A yak (shapeshifter) (D:14)
  4 wyverns
  Eustachio (D:4)
  3 basilisks
  10 water elementals
  63 yaks
  Grum (D:11)
  4 hungry ghosts
  4 vampire mosquitoes
  3 wargs
  A swamp worm (Lair:4)
  A soldier ant (D:8)
  4 acid dragons
  8 water moccasins
  15 porcupines
  An eye of draining (shapeshifter) (Depths:2)
  45 orc warriors
  6 sky beasts
  5 ice beasts
  2 phantoms (D:7)
  A necrophage (D:8)
  10 ogres
  9 wolves
  27 centaurs
  3 crocodiles
  2 big kobolds
  Blork the orc (D:5)
  17 bullfrogs
  A wyvern zombie (D:14)
  2 wyvern skeletons
  5 scorpions
  10 killer bees
  15 wights
  A vampire bat (D:3)
  6 electric eels
  5 howler monkeys
  6 crimson imps
  2 centaur zombies
  3 bullfrog skeletons
  2 bullfrog zombies
  A quasit (D:9)
  6 hounds
  17 orc priests
  8 jellies
  21 orc wizards
  4 iguanas
  Ijyb (D:3)
  11 worker ants
  2 hound zombies
  A hound skeleton (D:5)
  2 worker ant zombies (D:6)
  8 gnolls
  A howler monkey skeleton (D:10)
  13 adders
  4 shadow imps
  2 oozes
  An adder zombie (D:9)
  4 worms
  A dart slug (D:1)
  3 leopard geckos
  93 orcs
  3 bat skeletons (D:3)
  2 bat zombies (D:3)
  3 giant cockroaches
  8 goblins
  9 jackals
  6 bats
  A frilled lizard (D:4)
  A jackal zombie (D:5)
  18 kobolds
  A leopard gecko skeleton (D:6)
  9 rats
  7 fungi
  6 plants
778 creatures vanquished.

Vanquished Creatures (collateral kills)
  A wolf (Lair:5)
  An orc wizard (D:10)
2 creatures vanquished.

Vanquished Creatures (others)
  2 unseen horrors
  A water elemental (Depths:2)
  4 fulminant prisms (Lair:6)
  25 fungi
  21 plants
53 creatures vanquished.

Grand Total: 833 creatures vanquished

Notes
Turn   | Place    | Note
-------+----------+-------------------------------------------
     0 | D:1      | Atelerd the Octopode Wizard began the quest for the Orb.
     0 | D:1      | Reached XP level 1. HP: 11/11 MP: 4/4
   129 | D:1      | Reached XP level 2. HP: 13/17 MP: 6/6
   900 | D:2      | Reached XP level 3. HP: 10/21 MP: 0/7
  1088 | D:2      | Learned a level 3 spell: Mephitic Cloud
  1091 | D:2      | Learned a level 2 spell: Blink
  1215 | D:2      | Reached XP level 4. HP: 27/27 MP: 4/9
  1554 | D:2      | Found an ornate altar of the Wu Jian Council.
  1593 | D:3      | Noticed Ijyb
  1620 | D:3      | Killed Ijyb
  1914 | D:3      | Found a bloodstained altar of Trog.
  2264 | D:3      | Reached XP level 5. HP: 25/31 MP: 6/10
  2301 | D:3      | Learned a level 3 spell: Conjure Flame
  2354 | D:3      | Learned a level 1 spell: Animate Skeleton
  2416 | D:3      | Found a faded altar of an unknown god.
  2617 | D:3      | Found an ancient bone altar of Kikubaaqudgha.
  3261 | D:3      | Reached XP level 6. HP: 26/36 MP: 7/12
  3418 | D:4      | Reached skill level 5 in Conjurations
  3817 | D:4      | Found Bocsiw's General Store.
  3820 | D:4      | Bought a scroll of identify for 22 gold pieces
  3820 | D:4      | Bought a scroll of identify for 22 gold pieces
  4088 | D:4      | Noticed Eustachio
  4108 | D:4      | Killed Eustachio
  4108 | D:4      | Reached XP level 7. HP: 41/41 MP: 1/14
  4325 | D:5      | Entered Level 5 of the Dungeon
  4327 | D:5      | Noticed Blork the orc
  4336 | D:5      | Reached skill level 5 in Spellcasting
  4355 | D:5      | Killed Blork the orc
  4505 | D:5      | Found a hazy altar of Hepliaklqana.
  4527 | D:5      | Reached skill level 1 in Fighting
  4691 | D:5      | Found a basalt altar of Yredelemnul.
  4856 | D:5      | Found an iron altar of Okawaru.
  4912 | D:5      | Found a staircase to the Ecumenical Temple.
  5044 | Temple   | Entered the Ecumenical Temple
  5173 | Temple   | Became a worshipper of Sif Muna the Loreminder
  5278 | D:5      | Reached XP level 8. HP: 38/48 MP: 12/16
  5809 | D:6      | Found an opulent altar of Gozag.
  6150 | D:6      | Reached * piety under Sif Muna
  6352 | D:6      | Found a shattered altar of Ashenzari.
  6534 | D:6      | Found Jouqat's Food Boutique.
  6801 | D:6      | Reached XP level 9. HP: 38/54 MP: 14/20
  7025 | D:7      | Noticed Joseph
  7228 | D:7      | Killed Joseph
  7228 | D:7      | Reached ** piety under Sif Muna
  7817 | D:7      | Reached *** piety under Sif Muna
  8271 | D:7      | Found a shimmering altar of Xom.
  8271 | D:7      | Found a shimmering altar of Xom.
  8271 | D:7      | Found a shimmering altar of Xom.
  8271 | D:7      | Found a shimmering altar of Xom.
  8272 | D:7      | Found a shimmering altar of Xom.
  8273 | D:7      | Found a shimmering altar of Xom.
  8431 | D:8      | Reached XP level 10. HP: 60/60 MP: 17/23
  8685 | D:8      | Reached skill level 10 in Spellcasting
  8889 | D:8      | Reached **** piety under Sif Muna
  9070 | D:8      | Noticed a brown ugly thing
  9075 | D:8      | Learned a level 1 spell: Sandblast
  9162 | D:9      | Found a staircase to the Lair.
  9183 | D:9      | Noticed a two-headed ogre
  9314 | D:9      | Killed a two-headed ogre
  9812 | D:8      | Noticed a two-headed ogre
  9866 | D:8      | Killed a two-headed ogre
  9878 | D:8      | Learned a level 5 spell: Venom Bolt
 10008 | D:8      | Found a white marble altar of Elyvilon.
 10304 | D:9      | Reached skill level 10 in Conjurations
 10935 | D:9      | Found a bloodstained altar of Trog.
 11088 | D:10     | Entered Level 10 of the Dungeon
 11107 | D:10     | Noticed a two-headed ogre
 11129 | D:9      | Reached XP level 11. HP: 23/64 MP: 1/26
 11447 | Lair:1   | Entered Level 1 of the Lair of Beasts
 11651 | Lair:1   | Noticed a seven-headed hydra
 11707 | D:10     | Reached ***** piety under Sif Muna
 11759 | D:10     | Got a twisted dagger
 11760 | D:10     | Identified the +6 dagger "Ocoren" {distort, Str+3} (You found it on level 10 of the Dungeon)
 11773 | D:10     | Noticed an unseen horror
 11786 | D:10     | Killed a two-headed ogre
 11815 | D:10     | Identified Sif Muna's Incunabulum of Combat Magic (Sif Muna gifted it to you on level 10 of the Dungeon)
 11815 | D:10     | Received a gift from Sif Muna
 11874 | D:10     | Learned a level 6 spell: Freezing Cloud
 11976 | D:10     | Killed an unseen horror
 11976 | D:10     | Reached skill level 1 in Ice Magic
 11976 | D:10     | Reached skill level 1 in Air Magic
 12118 | D:10     | Learned a level 1 spell: Shock
 12625 | D:11     | Found a staircase to the Orcish Mines.
 12712 | D:11     | Noticed Grum
 12715 | D:11     | Noticed a purple ugly thing
 12718 | D:11     | Noticed a two-headed ogre
 12738 | D:11     | Killed a red ugly thing
 12742 | D:11     | Killed a two-headed ogre
 12818 | D:11     | Killed Grum
 12946 | D:11     | Noticed a two-headed ogre
 12986 | D:11     | Killed a two-headed ogre
 13244 | D:11     | Noticed a cyan ugly thing
 13269 | D:11     | Killed a cyan ugly thing
 13269 | D:11     | Reached skill level 1 in Invocations
 13714 | D:12     | Noticed Frances
 13720 | D:12     | Noticed a sixfirhy
 13758 | Orc:1    | Entered Level 1 of the Orcish Mines
 13845 | Orc:1    | Noticed Maurice
 13845 | Orc:1    | Noticed an orc high priest
 13978 | Orc:1    | Noticed Josephine
 14017 | Orc:1    | Killed Josephine
 14092 | D:11     | Reached XP level 12. HP: 49/74 MP: 0/28
 14230 | Orc:1    | Noticed Kalelzar's ghost (journeyman MiBe)
 14236 | D:11     | Killed Maurice
 14236 | D:11     | Reached skill level 1 in Poison Magic
 14754 | D:12     | Noticed Fascinator's ghost (journeyman TrMo)
 14895 | D:12     | Noticed a sun demon
 15033 | Lair:1   | Killed a seven-headed hydra
 15033 | Lair:1   | Reached skill level 5 in Invocations
 15136 | Lair:1   | Learned a level 2 spell: Throw Frost
 16610 | Lair:2   | Reached skill level 5 in Ice Magic
 16610 | Lair:2   | Reached skill level 5 in Air Magic
 16702 | Lair:2   | Noticed Urug
 16707 | Lair:2   | Killed Urug
 16707 | Lair:2   | Identified Sif Muna's Guide on Conjuration (Sif Muna gifted it to you on level 2 of the Lair of Beasts)
 16707 | Lair:2   | Received a gift from Sif Muna
 16714 | Lair:2   | Learned a level 4 spell: Iskenderun's Mystic Blast
 17806 | Lair:3   | Reached XP level 13. HP: 79/79 MP: 6/29
 17957 | Lair:3   | Noticed YourBoobs's ghost (journeyman KoVM)
 17966 | Lair:3   | Killed YourBoobs's ghost
 17977 | Lair:3   | Reached skill level 1 in Long Blades
 19861 | Lair:4   | Found a hole to the Spider Nest.
 19988 | Lair:4   | Received a gift from Sif Muna
 19999 | Lair:4   | Learned a level 4 spell: Airstrike
 20123 | Lair:4   | Found a staircase to the Swamp.
 21112 | Lair:5   | Found a staircase to the Slime Pits.
 22119 | Lair:6   | Entered Level 6 of the Lair of Beasts
 24075 | D:12     | Killed Frances
 24075 | D:12     | Reached skill level 10 in Air Magic
 24075 | D:12     | Reached XP level 14. HP: 41/85 MP: 9/30
 24399 | D:12     | Identified Geukh's Papyrus of the Secret Songs (Sif Muna gifted it to you on level 12 of the Dungeon)
 24399 | D:12     | Received a gift from Sif Muna
 24473 | D:12     | Killed Fascinator's ghost
 24704 | D:12     | Found a snail-covered altar of Cheibriados.
 26615 | Orc:1    | Killed Kalelzar's ghost
 26963 | Orc:1    | Noticed Erica
 26990 | Orc:1    | Killed Erica
 27310 | Orc:1    | Noticed Nergalle
 27320 | Orc:1    | Killed Nergalle
 28048 | Orc:1    | Learned a level 4 spell: Fulminant Prism
 28097 | Orc:2    | Entered Level 2 of the Orcish Mines
 28097 | Orc:2    | Found a staircase to the Elven Halls.
 28143 | Orc:2    | Noticed an orc warlord
 29093 | Orc:2    | Killed an orc warlord
 29870 | Orc:2    | Reached skill level 5 in Dodging
 30230 | Orc:2    | Found Kian's Antique Armour Shop.
 30230 | Orc:2    | Found Ducvymink's Jewellery Emporium.
 30230 | Orc:2    | Found Godulura's Antique Armour Shoppe.
 30234 | Orc:2    | Found Cosuvam's Food Boutique.
 30243 | Orc:2    | Bought an uncursed ring of magical power for 280 gold pieces
 30251 | Orc:2    | Bought a glowing hat for 259 gold pieces
 30261 | Orc:2    | Bought an embroidered hat for 259 gold pieces
 30274 | Orc:2    | Bought a +3 ring of slaying for 630 gold pieces
 30874 | Lair:5   | Reached XP level 15. HP: 49/90 MP: 13/31
 31177 | Lair:6   | Learned a level 6 spell: Deflect Missiles
 31334 | Lair:6   | Reached skill level 1 in Charms
 35474 | D:13     | Identified Sif Muna's Tome of Confrontation (Sif Muna gifted it to you on level 13 of the Dungeon)
 35474 | D:13     | Received a gift from Sif Muna
 36044 | D:13     | Found a gate to the Vaults.
 37084 | D:15     | Entered Level 15 of the Dungeon
 37212 | D:14     | Noticed Fannar
 37253 | D:14     | Killed Fannar
 37649 | D:14     | Reached skill level 5 in Fighting
 37649 | D:14     | Reached XP level 16. HP: 98/98 MP: 15/32
 37916 | D:14     | Learned a level 7 spell: Orb of Destruction
 38009 | D:14     | Found a shadowy altar of Dithmenos.
 38716 | D:15     | Found Igeclit's Weapon Shoppe.
 39179 | D:15     | Found a staircase to the Depths.
 39394 | Depths:1 | Entered Level 1 of the Depths
 39439 | Depths:1 | Found a gateway to a ziggurat.
 39439 | Depths:1 | Noticed an ancient lich
 39445 | Depths:1 | You fall through a shaft!
 39466 | Depths:2 | Noticed a sphinx
 39470 | Depths:2 | Killed a sphinx
 39625 | Depths:2 | Noticed a tentacled monstrosity
 39633 | Depths:2 | Noticed a tengu reaver
 39637 | Depths:2 | Killed a tengu reaver
 39671 | Depths:2 | Mangled by a water elemental

Skill      XL: |  1  2  3  4  5  6  7  8  9 10 11 12 13 14 15 16 |
---------------+-------------------------------------------------+-----
Conjurations   | 2 3 4 6 7 8 10 12 13 14 | 14.1
Spellcasting   | 4 5 7 9 11 12 14 | 14.2
Fighting       | 1 2 4 5 6 |  6.0
Dodging        | 3 5 6 |  6.0
Translocations | 3 |  3.6
Ice Magic      | 4 6 8 |  8.4
Air Magic      | 4 6 10 12 13 | 13.7
Invocations    | 3 7 |  7.2
Poison Magic   | 2 |  2.0
Long Blades    | 3 |  3.0
Charms         | 3 |  3.0
Stealth        | 4 |  4.0
Summonings     | |  1.0

Action                   |  1- 3 |  4- 6 |  7- 9 | 10-12 | 13-15 | 16-18 || total
-------------------------+-------+-------+-------+-------+-------+-------++-------
Melee: Dagger            |    68 |    96 |       |       |       |       ||   164
       Constrict         |    18 |    33 |    48 |    81 |    42 |       ||   222
       Tentacles         |    13 |    11 |    31 |    62 |    48 |       ||   165
       Unarmed           |     1 |     5 |       |       |       |       ||     6
       Flail             |       |    16 |   202 |   187 |       |       ||   405
       Scimitar          |       |       |       |   178 |   148 |       ||   326
       Staff             |       |       |       |       |    23 |     3 ||    26
 Cast: Magic Dart        |    13 |    85 |   233 |    46 |       |       ||   377
       Mephitic Cloud    |     1 |    13 |    26 |    74 |    15 |       ||   129
       Sandblast         |       |       |       |    94 |       |       ||    94
       Blink             |       |       |       |    25 |    69 |     8 ||   102
       Shock             |       |       |       |   127 |    16 |       ||   143
       Venom Bolt        |       |       |       |    59 |    31 |     1 ||    91
       Conjure Flame     |       |       |       |    12 |     3 |       ||    15
       Iskenderun's Myst |       |       |       |    26 |   310 |    64 ||   400
       Freezing Cloud    |       |       |       |     5 |   156 |    24 ||   185
       Throw Frost       |       |       |       |     4 |     1 |       ||     5
       Airstrike         |       |       |       |       |   239 |     6 ||   245
       Animate Skeleton  |       |       |       |       |     4 |     2 ||     6
       Fulminant Prism   |       |       |       |       |     4 |       ||     4
       Deflect Missiles  |       |       |       |       |     3 |     1 ||     4
       Orb of Destructio |       |       |       |       |       |    14 ||    14
Invok: Forget Spell      |       |       |       |     1 |     4 |       ||     5
       Divine Energy     |       |       |       |     2 |    14 |     2 ||    18
       Channel Magic     |       |       |       |     2 |    20 |     7 ||    29
       Stop Divine Energ |       |       |       |     2 |    14 |     2 ||    18
Evoke: Wand              |       |       |       |     3 |    12 |       ||    15
  Use: Scroll            |       |     8 |     3 |    14 |    11 |     6 ||    42
       Potion            |       |       |     1 |     6 |     7 |     5 ||    19
 Stab: Sleeping          |     3 |     4 |     1 |     3 |     1 |       ||    12
       Confused          |       |     8 |     8 |    13 |     2 |       ||    31
       Distracted        |       |       |     1 |     2 |     1 |       ||     4
       Paralysed         |       |       |       |     2 |       |       ||     2
  Eat: Chunk             |       |    11 |     7 |    36 |   346 |    32 ||   432
       Ration            |       |       |     2 |     1 |     6 |     1 ||    10
Armor: Skin              |     3 |    10 |    39 |    56 |    40 |     2 ||   150
Dodge: Dodged            |    52 |   112 |   218 |   410 |   287 |    42 ||  1121
       Deflected         |       |       |       |       |    11 |    13 ||    24
       Rpst.: Scimitar   |       |       |       |    65 |    63 |       ||   128
